 Dungeon Crawl Stone Soup version 0.30.0-20-g3615ddf2f0 (webtiles) character file.

Game seed: 17295317633322141823

116160 qw the Severer (level 16, -11/107 HPs)
             Began as a Gargoyle Fighter on May 29, 2023.
             Was an Elder of Okawaru.
             Mangled by an orc knight
             ... wielding a +2 glaive of flaming
              (24 damage)
             ... on level 2 of the Orcish Mines.
             The game lasted 00:13:52 (25399 turns).

qw the Severer (Gargoyle Fighter)                  Turns: 25399, Time: 00:13:52

Health: -11/107    AC: 41    Str: 28    XL:     16   Next: 70%
Magic:  5/7        EV: 10    Int:  9    God:    Okawaru [****..]
Gold:   2342       SH:  7    Dex:  9    Spells: 15/15 levels left

rFire   + . .        A - +5 broad axe "Itseas" {antimagic, Fly rPois Will-}
rCold   + + .        c - +0 buckler
rNeg    + . .        f - +1 plate armour
rPois   inf          b - +2 helmet
rElec   +            y - scarf {repulsion}
rCorr   +            D - +1 pair of gloves of the Harvest {-Cast rF+ rC+}
SInv    .            h - +2 pair of boots
Will    ++...        (no amulet) Stlth
                     B - ring of Qaydghita {rPois rC+ Will+ rCorr}
HPRegen 0.37/turn    r - ring of willpower
MPRegen 0.10/turn

%: no spellcasting, repel missiles
@: about to teleport, heroic, flying
A: sickness immunity, AC +12, big wings, negative energy resistance 1,
electricity resistance, torment resistance 1, petrification resistance
a: Renounce Religion, Heroism, Finesse


You were on level 2 of the Orcish Mines.
You worshipped Okawaru.
Okawaru was greatly pleased with you.
You visited 3 branches of the dungeon, and saw 22 of its levels.
You also visited: Gauntlet.

You collected 2342 gold pieces.


Innate Abilities, Weirdness & Mutations

You are immune to sickness and miasma.
Your stone body is resilient. (AC +12)
You are immune to poison.
Your large and strong wings let you fly.
You resist negative energy. (rN+)
You are resistant to electric shocks. (rElec)
You are resistant to unholy torment.
You are immune to petrification.


   Skills:
 + Level 14.5(19.5) Fighting
 - Level 18.0(23.0) Axes
 - Level 7.0(12.0) Throwing
 - Level 13.0(18.0) Armour
 - Level 3.0(8.0) Dodging
 - Level 9.0(14.0) Shields
 - Level 10.0 Invocations


You had 15 spell levels left.
You didn't know any spells.
Your spell library was empty.

Inventory:

Hand Weapons
 x - the +10 morningstar of Muthruf {flame, rF+}
   (You found it on level 12 of the Dungeon)

   rF:        It protects you from fire.
 A - the +5 broad axe "Itseas" (weapon) {antimagic, Fly rPois Will-}
   (You found it in a Gauntlet)

   rPois:     It protects you from poison.
   Fly:       It grants you flight.
   Will:      It decreases your willpower.
Missiles
 s - 11 javelins (quivered)
 v - 17 boomerangs
Armour
 b - a +2 helmet (worn)
 c - a +0 buckler (worn)
 e - a +0 cloak
 f - a +1 plate armour (worn)
 h - a +2 pair of boots (worn)
 n - a +2 pair of gloves of stealth
 q - a scarf of resistance
 y - a scarf of repulsion (worn)
 D - the +1 pair of gloves of the Harvest (worn) {-Cast rF+ rC+}
   (You found it on level 12 of the Dungeon)

   rF:        It protects you from fire.
   rC:        It protects you from cold.
   -Cast:     It prevents spellcasting.
 F - +0 acid dragon scales
Jewellery
 j - a ring of protection from cold
 l - a ring of positive energy
 p - a ring of fire
 r - a ring of willpower (right hand)
 z - the amulet of Plog {Spirit rPois rF+}
   (You found it in a Gauntlet)

   [amulet of guardian spirit]

   It causes incoming damage to be divided between your reserves of health and
   magic.
   rF:        It protects you from fire.
   rPois:     It protects you from poison.
 B - the ring of Qaydghita (left hand) {rPois rC+ Will+ rCorr}
   (You found it in a Gauntlet)

   [ring of protection from cold]

   rC:        It protects you from cold.
   rPois:     It protects you from poison.
   rCorr:     It protects you from acid and corrosion.
   Will:      It increases your willpower.
Wands
 m - a wand of digging (7)
Scrolls
 a - 21 scrolls of identify
 k - a scroll of teleportation
 C - 3 scrolls of enchant weapon
Potions
 d - a potion of might
 g - 7 potions of mutation
 i - 11 potions of curing
 o - 4 potions of lignification
 t - a potion of resistance
 u - 4 potions of haste
 w - a potion of attraction
 E - a potion of magic
 H - a potion of heal wounds

Dungeon Overview and Level Annotations

Branches:
Dungeon (15/15)            Temple (0/1) D:6            Lair (5/5) D:10
  Swamp (0/4) Lair:2        Snake (0/4) Lair:2        Slime (0/5) Lair:5
    Orc (2/2) D:12            Elf (0/3) Orc:2        Vaults (0/5) D:13
 Depths (0/4) D:15        Gauntlet (visited)

Altars:
Cheibriados
Gozag
Kikubaaqudgha
Makhleb
Nemelex Xobeh
Okawaru
Jiyva

Shops:
Orc:2 (

Annotations:
D:11 3 runed translucent doors, Diecumy's ghost, journeyman GrFi


Message History

The orc knight misses you.
The sun demon hits you but does no damage.
You block the hellwing's attack.
The hellwing hits you but does no damage.
You slash the orc high priest!
You kill the orc high priest!
Okawaru accepts your kill.
The sun demon disappears in a puff of smoke!
The hellwing disappears in a puff of smoke!
You slash the orc high priest!
The orc knight roars a battlecry!
The orcs go into a battle-frenzy!
You block the orc knight's attack.
The orc high priest hits you with a +0 scimitar.
You slash the orc high priest!
The orc high priest is moderately wounded.
You hit the orc knight. You slash the orc warrior!
The orc knight roars a battlecry!
The orc knights go into a battle-frenzy!
You block the orc knight's attack.
The orc high priest hits you with a +0 scimitar!
You barely miss the orc high priest.
The orc high priest is moderately wounded.
You hit the orc knight but do no damage.
You hit the orc knight. You barely miss the orc high priest.
The orc high priest is moderately wounded.
You slash the orc knight! You barely miss the orc knight.
The orc knight hits you with a +0 war axe.
The orc high priest hits you but does no damage.
The orc warrior suddenly grunts, in orcish tradition.
An orc wizard comes into view. It is wielding a +0 dagger.
The orc knight hits you from afar with a +2 glaive of flaming!!
The orc knight burns you.
25399 ||| READING 2 scrolls of teleportation.
As you read the scroll of teleportation, it crumbles to dust.
You feel strangely unstable.
The orc knight hits you but does no damage. x2
The orc knight hits you from afar with a +2 glaive of flaming!!
You die...

## # .\## ..# ..##
oo##..# ....# ### #oo#
##.# ... ##@)## #... ...
#3oo)# ##... #.#...o..#(#
### #....
#.#...4.##.###.## ##...
#.#...###..##...# #####..
#.######..####..###..#.#.
...####.####...##
#....#......)
#...........###
##...#...#.#.
######.######
##...........


You could see 3 orc knights, an orc high priest (strong), a sun demon
(summoned), a rust devil (summoned) and an orc warrior (strong).

Vanquished Creatures
  A fenstrider witch (shapeshifter) (D:14)
  A minotaur (Gauntlet)
  Nessos (Lair:5)
  An ettin (D:15)
  4 hydras
  Erolcha (Orc:1)
  4 catoblepae
  An ice dragon (D:13)
  9 boulder beetles
  2 dancing weapons (D:13)
  9 two-headed ogres
  7 death yaks
  5 centaur warriors
  A tengu warrior (D:15)
  2 orc high priests (Orc:2)
  Sonja (D:11)
  4 skysharks
  A fire crab (Gauntlet)
  4 sixfirhies (Gauntlet)
  4 skeletal warriors (D:14)
  Amaemon (D:11)
  A bog body (Lair:2)
  2 deep trolls (D:15)
  7 deep elf pyromancers
  3 orc knights
  A wizard (D:15)
  Pikel (D:7)
  37 ugly things
  A salamander (Lair:2)
  A necromancer (D:15)
  4 manticores
  7 cyclopes
  4 orc sorcerers (Orc:2)
  Maurice (D:9)
  10 elephants
  4 black mambas
  An orange demon (D:11)
  2 gargoyles (D:13)
  A torpor snail (Lair:4)
  A cane toad (shapeshifter) (D:13)
  11 cane toads
  3 rime drakes
  A rime drake (shapeshifter) (D:14)
  An unseen horror (D:11)
  4 freezing wraiths
  5 komodo dragons
  2 tengu conjurers (D:13)
  5 kobold demonologists
  6 trolls
  3 polar bears
  3 hornets
  14 dream sheep
  14 blink frogs
  A vampire (D:11)
  Sigmund (D:5)
  14 slime creatures
  A water elemental (D:14)
  9 wraiths
  4 wyverns
  4 fire bats (Gauntlet)
  Grum (D:11)
  8 vampire mosquitoes
  65 yaks
  A redback (shapeshifter) (D:15)
  A neqoxec (Gauntlet)
  5 basilisks
  3 chaos spawn (Gauntlet)
  Menkaure (D:7)
  4 wargs
  2 acid dragons (D:13)
  9 water moccasins
  2 hell hounds (Gauntlet)
  27 orc warriors
  2 black bears
  An ice beast (D:5)
  A black bear (shapeshifter) (D:15)
  2 ogres (Orc:1)
  A sky beast (D:6)
  A boggart (D:13)
  14 wolves
  7 centaurs
  A lemure (D:7)
  2 phantoms (D:5)
  4 kobold brigands
  12 bullfrogs
  7 scorpions
  3 gnoll sergeants
  2 two-headed ogre simulacra (D:11)
  5 wights (D:8)
  9 killer bees (D:9)
  5 vampire bats (Lair:5)
  3 howler monkeys
  2 lava snakes (Lair:2)
  A gnoll bouda (D:6)
  4 hounds (D:5)
  2 jellies
  23 orc priests
  4 iguanas
  2 sleepcaps
  30 orc wizards
  10 hell rats
  A spriggan simulacrum (D:11)
  2 troll simulacra (D:11)
  Robin (D:3)
  21 gnolls
  12 adders
  2 river rats (Lair:4)
  A shadow imp (D:7)
  5 white imps
  2 ufetubi
  2 worms (D:2)
  3 dart slugs
  90 orcs
  8 ball pythons
  10 bats
  6 endoplasms
  16 goblins
  12 hobgoblins
  5 quokkas
  4 frilled lizards
  16 kobolds
  12 rats
779 creatures vanquished.

Vanquished Creatures (others)
  2 orc priests (Orc:2)
2 creatures vanquished.

Grand Total: 781 creatures vanquished

Notes
Turn   | Place    | Note
-------+----------+-------------------------------------------
     0 | D:1      | qw the Gargoyle Fighter began the quest for the Orb.
     0 | D:1      | Reached XP level 1. HP: 14/14 MP: 1/1
     0 | D:1      | 0 ||| qw: Version: 0.2-a-101-gf424e7f
     0 | D:1      | 0 ||| qw: Game counter: 353
     0 | D:1      | 0 ||| qw: Always use a shield: true
     0 | D:1      | 0 ||| qw: God list: Okawaru
     0 | D:1      | 0 ||| qw: Allow faded altars: false
     0 | D:1      | 0 ||| qw: Do Orc after D:15 true
     0 | D:1      | 0 ||| qw: Do second Lair branch before Depths: true
     0 | D:1      | 0 ||| qw: Lair rune preference: random
     0 | D:1      | 0 ||| qw: Plans: Normal, Zot:1-4, Slime:5, God:TSO, Crypt,
                  | Tomb, Pan, Hells, Abyss, Win
     0 | D:1      | 0 ||| PLANNING D:1-11
    30 | D:1      | 30 ||| Stepping ~*~*~tactically~*~*~ (hiding).
    31 | D:1      | 31 ||| Stepping ~*~*~tactically~*~*~ (hiding).
    41 | D:1      | Reached skill level 2 in Axes
    68 | D:1      | Found a faded altar of an unknown god.
    78 | D:1      | 78 ||| Stepping ~*~*~tactically~*~*~ (stealth).
    87 | D:1      | Reached XP level 2. HP: 14/19 MP: 2/2
   245 | D:1      | 245 ||| Stepping ~*~*~tactically~*~*~ (stealth).
   251 | D:1      | 251 ||| Stepping ~*~*~tactically~*~*~ (stealth).
   314 | D:1      | Reached skill level 3 in Axes
   368 | D:1      | Reached XP level 3. HP: 23/23 MP: 3/3
   678 | D:1      | 678 ||| UPGRADING to +0 cloak.
   683 | D:1      | 683 ||| UPGRADING to +0 pair of gloves.
   688 | D:1      | 688 ||| UPGRADING to +0 chain mail.
   698 | D:1      | 698 ||| DROPPING +0 scale mail.
   699 | D:1      | 699 ||| READING 3 scrolls labelled JIMNOU GIFERAL.
   700 | D:1      | 700 ||| READING scroll labelled JAYZULYNWA.
   701 | D:1      | 701 ||| READING scroll labelled QARPHI QIXOCAZOXE.
   706 | D:1      | 706 ||| DRINKING 2 viscous cyan potions.
   707 | D:1      | 707 ||| READING 2 scrolls of identify.
   707 | D:1      | 707 ||| IDENTIFYING fizzy inky potion
   708 | D:1      | 708 ||| DROPPING potion of degeneration.
  1015 | D:2      | Reached XP level 4. HP: 28/28 MP: 4/4
  1045 | D:2      | 1045 ||| DROPPING +0 club.
  1056 | D:2      | Reached skill level 4 in Axes
  1415 | D:2      | 1415 ||| READING 2 scrolls labelled NYINOC NOIZAK.
  1416 | D:2      | 1416 ||| READING scroll labelled UGUPTU DUPNA.
  1417 | D:2      | 1417 ||| READING scroll labelled AKKUMU YSMOTICH.
  1418 | D:2      | 1418 ||| DROPPING scroll of fear.
  1457 | D:3      | 1457 ||| Stepping ~*~*~tactically~*~*~ (stealth).
  1469 | D:3      | 1469 ||| FLEEEEING.
  1469 | D:3      | Noticed Robin
  1470 | D:3      | 1470 ||| STAIRDANCE
  1492 | D:3      | Killed Robin
  1494 | D:3      | 1494 ||| Stepping ~*~*~tactically~*~*~ (hiding).
  1495 | D:3      | 1495 ||| Stepping ~*~*~tactically~*~*~ (hiding).
  1496 | D:3      | 1496 ||| Stepping ~*~*~tactically~*~*~ (hiding).
  1525 | D:3      | 1525 ||| Stepping ~*~*~tactically~*~*~ (stealth).
  1534 | D:3      | Found an iron altar of Okawaru.
  1535 | D:3      | 1535 ||| PLANNING OKAWARU WORSHIP
  1535 | D:3      | 1535 ||| UPGRADING to +0 helmet.
  1540 | D:3      | 1540 ||| Stepping ~*~*~tactically~*~*~ (stealth).
  1541 | D:3      | 1541 ||| Stepping ~*~*~tactically~*~*~ (stealth).
  1553 | D:3      | Became a worshipper of Warmaster Okawaru
  1553 | D:3      | 1553 ||| PLANNING D:1-11
  1573 | D:3      | Found an opulent altar of Gozag.
  1671 | D:3      | Reached XP level 5. HP: 32/32 MP: 5/5
  1798 | D:3      | 1798 ||| DROPPING +0 mace.
  1900 | D:3      | 1900 ||| Stepping ~*~*~tactically~*~*~ (hiding).
  1909 | D:3      | 1909 ||| Stepping ~*~*~tactically~*~*~ (stealth).
  1926 | D:3      | 1926 ||| DRINKING 4 potions of curing.
  1926 | D:3      | 1926 ||| (to cure confusion)
  2171 | D:3      | Reached skill level 5 in Axes
  2204 | D:3      | 2204 ||| Stepping ~*~*~tactically~*~*~ (stealth).
  2434 | D:3      | 2434 ||| READING scroll labelled OKONOI CEPIKAGE.
  2435 | D:3      | 2435 ||| READING scroll labelled TUTZYPHACUG.
  2436 | D:3      | 2436 ||| READING 4 scrolls of identify.
  2436 | D:3      | 2436 ||| IDENTIFYING dark potion
  2437 | D:3      | 2437 ||| READING 3 scrolls of identify.
  2437 | D:3      | 2437 ||| IDENTIFYING glowing purple potion
  2496 | D:4      | Reached XP level 6. HP: 39/39 MP: 6/6
  2564 | D:4      | 2564 ||| Stepping ~*~*~tactically~*~*~ (stealth).
  2566 | D:4      | 2566 ||| Stepping ~*~*~tactically~*~*~ (hiding).
  2635 | D:4      | 2635 ||| READING scroll of enchant weapon.
  2635 | D:4      | 2635 ||| ENCHANTING +1 war axe.
  2772 | D:4      | Identified the +2 leather armour of the Valley of Death
                  | {rN+}
  2811 | D:4      | 2811 ||| FLEEEEING.
  3107 | D:4      | 3107 ||| Stepping ~*~*~tactically~*~*~ (hiding).
  3112 | D:4      | Reached * piety under Okawaru
  3113 | D:4      | 3113 ||| INVOKING Heroism.
  3315 | D:4      | 3315 ||| UPGRADING to +0 pair of boots.
  3320 | D:4      | 3320 ||| UPGRADING to scarf of resistance.
  3330 | D:4      | 3330 ||| READING scroll labelled QESKAK MOATO.
  3331 | D:4      | 3331 ||| READING 2 scrolls labelled MIYLEA NOARHORA.
  3332 | D:4      | 3332 ||| READING scroll labelled BOIW MIEZXI.
  3333 | D:4      | 3333 ||| READING 4 scrolls of identify.
  3333 | D:4      | 3333 ||| IDENTIFYING fizzy puce potion
  3334 | D:4      | 3334 ||| DROPPING scroll of amnesia.
  3335 | D:4      | 3335 ||| DROPPING potion of ambrosia.
  3361 | D:5      | Entered Level 5 of the Dungeon
  3473 | D:5      | Reached skill level 6 in Axes
  3473 | D:5      | Reached skill level 1 in Invocations
  3473 | D:5      | Reached XP level 7. HP: 38/44 MP: 7/7
  3512 | D:5      | Reached skill level 1 in Dodging
  3599 | D:5      | 3599 ||| Stepping ~*~*~tactically~*~*~ (hiding).
  3601 | D:5      | 3601 ||| Stepping ~*~*~tactically~*~*~ (hiding).
  3635 | D:5      | 3635 ||| Stepping ~*~*~tactically~*~*~ (stealth).
  3637 | D:5      | 3637 ||| Stepping ~*~*~tactically~*~*~ (hiding).
  3806 | D:5      | Identified the +0 robe of Rosielon {Rampage Drain rC+ rN+}
  3883 | D:5      | 3883 ||| INVOKING Heroism.
  3889 | D:5      | Reached skill level 3 in Invocations
  3942 | D:5      | Noticed Sigmund
  3943 | D:5      | 3943 ||| Stepping ~*~*~tactically~*~*~ (hiding).
  3948 | D:5      | 3948 ||| INVOKING Heroism.
  3954 | D:5      | Killed Sigmund
  3955 | D:5      | Reached XP level 8. HP: 43/48 MP: 7/11
  4054 | D:5      | Reached skill level 7 in Axes
  4058 | D:5      | 4058 ||| Stepping ~*~*~tactically~*~*~ (hiding).
  4059 | D:5      | 4059 ||| Stepping ~*~*~tactically~*~*~ (hiding).
  4060 | D:5      | 4060 ||| Stepping ~*~*~tactically~*~*~ (hiding).
  4088 | D:5      | Found a sparkling altar of Nemelex Xobeh.
  4135 | D:5      | Reached ** piety under Okawaru
  4333 | D:5      | 4333 ||| DROPPING amulet of magic regeneration.
  4334 | D:5      | 4334 ||| UPGRADING to ring of protection from cold.
  4335 | D:5      | 4335 ||| UPGRADING to ring of positive energy.
  4336 | D:5      | 4336 ||| READING scroll labelled ESCHECV ZAFODGHO.
  4336 | D:5      | Identified a scroll of acquirement
  4336 | D:5      | 4336 ||| ACQUIRING +1 pair of gloves of stealth
  4336 | D:5      | Acquired a +1 pair of gloves of stealth
  4338 | D:5      | 4338 ||| UPGRADING to +1 pair of gloves of stealth.
  4348 | D:5      | 4348 ||| DROPPING +0 pair of gloves.
  4349 | D:5      | 4349 ||| READING scroll labelled NITWUE DIODIH.
  4439 | D:6      | Found a snail-covered altar of Cheibriados.
  4446 | D:6      | 4446 ||| INVOKING Heroism.
  4462 | D:6      | HP: 11/49 [gnoll bouda/+0 club (4)]
  4463 | D:6      | 4463 ||| READING scroll of teleportation.
  4464 | D:6      | 4464 ||| DRINKING 3 potions of heal wounds.
  4475 | D:6      | 4475 ||| INVOKING Heroism.
  4482 | D:6      | HP: 5/49 [gnoll/+0 halberd[a gnoll bouda] (8)]
  4483 | D:6      | 4483 ||| DRINKING 2 potions of heal wounds.
  4498 | D:6      | HP: 11/49 [gnoll/+0 halberd[a gnoll bouda] (4)]
  4499 | D:6      | 4499 ||| DRINKING potion of heal wounds.
  4506 | D:6      | Reached skill level 8 in Axes
  4774 | D:6      | 4774 ||| Stepping ~*~*~tactically~*~*~ (hiding).
  4778 | D:6      | 4778 ||| INVOKING Heroism.
  4783 | D:6      | Reached skill level 6 in Fighting
  4820 | D:6      | 4820 ||| FLEEEEING.
  4822 | D:6      | 4822 ||| STAIRDANCE
  4865 | D:6      | 4865 ||| INVOKING Heroism.
  4869 | D:6      | Reached XP level 9. HP: 36/55 MP: 9/12
  5008 | D:6      | Identified the +3 dagger of Qoge Dyalui {freeze, rF+ Int+3}
  5091 | D:6      | Found a staircase to the Ecumenical Temple.
  5126 | D:6      | Reached skill level 1 in Throwing
  5262 | D:6      | 5262 ||| UPGRADING to +0 plate armour.
  5272 | D:6      | 5272 ||| DROPPING +0 chain mail.
  5273 | D:6      | 5273 ||| READING 4 scrolls of identify.
  5273 | D:6      | 5273 ||| IDENTIFYING puce potion
  5347 | D:7      | Noticed a deep elf pyromancer
  5354 | D:7      | 5354 ||| INVOKING Heroism.
  5369 | D:7      | Killed a deep elf pyromancer
  5369 | D:7      | Reached *** piety under Okawaru
  5552 | D:7      | 5552 ||| INVOKING Heroism.
  5641 | D:7      | 5641 ||| Stepping ~*~*~tactically~*~*~ (hiding).
  5643 | D:7      | 5643 ||| Stepping ~*~*~tactically~*~*~ (hiding).
  5645 | D:7      | 5645 ||| Stepping ~*~*~tactically~*~*~ (hiding).
  5671 | D:7      | 5671 ||| Stepping ~*~*~tactically~*~*~ (stealth).
  5829 | D:7      | 5829 ||| READING scroll labelled HUWAUPPI OMOSM.
  5830 | D:7      | 5830 ||| READING 4 scrolls of identify.
  5830 | D:7      | 5830 ||| IDENTIFYING green potion
  5831 | D:7      | 5831 ||| READING 3 scrolls of identify.
  5831 | D:7      | 5831 ||| IDENTIFYING fizzy blue potion
  5832 | D:7      | 5832 ||| DROPPING potion of brilliance.
  5833 | D:7      | 5833 ||| DROPPING potion of flight.
  5962 | D:7      | 5962 ||| READING scroll of enchant armour.
  5962 | D:7      | 5962 ||| ENCHANTING +1 pair of gloves of stealth.
  6006 | D:7      | 6006 ||| Stepping ~*~*~tactically~*~*~ (stealth).
  6010 | D:7      | 6010 ||| Stepping ~*~*~tactically~*~*~ (stealth).
  6011 | D:7      | Noticed Pikel
  6012 | D:7      | 6012 ||| INVOKING Heroism.
  6022 | D:7      | Killed Pikel
  6022 | D:7      | Received a gift from Okawaru
  6023 | D:7      | Reached skill level 9 in Axes
  6083 | D:7      | Found a burning altar of Makhleb.
  6121 | D:7      | Noticed Menkaure
  6122 | D:7      | 6122 ||| INVOKING Heroism.
  6124 | D:7      | Killed Menkaure
  6477 | D:8      | 6477 ||| Stepping ~*~*~tactically~*~*~ (stealth).
  6478 | D:8      | 6478 ||| Stepping ~*~*~tactically~*~*~ (stealth).
  6506 | D:8      | 6506 ||| Stepping ~*~*~tactically~*~*~ (stealth).
  6521 | D:8      | 6521 ||| Stepping ~*~*~tactically~*~*~ (stealth).
  6528 | D:8      | Reached skill level 6 in Armour
  6528 | D:8      | 6528 ||| FLEEEEING.
  6529 | D:8      | 6529 ||| FLEEEEING.
  6530 | D:8      | 6530 ||| FLEEEEING.
  6531 | D:8      | 6531 ||| FLEEEEING.
  6532 | D:8      | 6532 ||| FLEEEEING.
  6533 | D:8      | 6533 ||| FLEEEEING.
  6534 | D:8      | 6534 ||| FLEEEEING.
  6535 | D:8      | 6535 ||| FLEEEEING.
  6536 | D:8      | 6536 ||| FLEEEEING.
  6537 | D:8      | 6537 ||| FLEEEEING.
  6538 | D:8      | 6538 ||| FLEEEEING.
  6539 | D:8      | 6539 ||| FLEEEEING.
  6540 | D:8      | 6540 ||| FLEEEEING.
  6541 | D:8      | 6541 ||| FLEEEEING.
  6542 | D:8      | 6542 ||| FLEEEEING.
  6543 | D:8      | 6543 ||| FLEEEEING.
  6544 | D:8      | 6544 ||| STAIRDANCE
  6585 | D:8      | 6585 ||| Stepping ~*~*~tactically~*~*~ (stealth).
  6587 | D:8      | 6587 ||| Stepping ~*~*~tactically~*~*~ (hiding).
  6592 | D:8      | 6592 ||| INVOKING Heroism.
  6601 | D:8      | 6601 ||| DRINKING 7 potions of curing.
  6601 | D:8      | 6601 ||| (to cure confusion)
  6664 | D:8      | 6664 ||| Stepping ~*~*~tactically~*~*~ (hiding).
  6665 | D:8      | 6665 ||| Stepping ~*~*~tactically~*~*~ (hiding).
  6667 | D:8      | 6667 ||| Stepping ~*~*~tactically~*~*~ (hiding).
  6674 | D:8      | Reached XP level 10. HP: 55/63 MP: 13/13
  6730 | D:8      | 6730 ||| Stepping ~*~*~tactically~*~*~ (stealth).
  6731 | D:8      | 6731 ||| Stepping ~*~*~tactically~*~*~ (stealth).
  6733 | D:8      | 6733 ||| Stepping ~*~*~tactically~*~*~ (stealth).
  6762 | D:8      | 6762 ||| FLEEEEING.
  6763 | D:8      | 6763 ||| FLEEEEING.
  6831 | D:8      | 6831 ||| INVOKING Heroism.
  6847 | D:8      | Identified the +5 leather armour "Xeuc" {rC+ Dex+4}
  6903 | D:8      | 6903 ||| READING scroll of enchant armour.
  6903 | D:8      | 6903 ||| ENCHANTING +0 helmet.
  6954 | D:8      | 6954 ||| INVOKING Heroism.
  7156 | D:8      | 7156 ||| READING 5 scrolls of identify.
  7156 | D:8      | 7156 ||| IDENTIFYING sedimented black potion
  7191 | D:9      | Reached skill level 10 in Axes
  7303 | D:9      | 7303 ||| FLEEEEING.
  7304 | D:9      | 7304 ||| FLEEEEING.
  7309 | D:9      | 7309 ||| STAIRDANCE
  7334 | D:8      | 7334 ||| READING 4 scrolls of identify.
  7334 | D:8      | 7334 ||| IDENTIFYING metallic ruby potion
  7349 | D:9      | Found a flagged portal.
  7351 | D:9      | 7351 ||| Stepping ~*~*~tactically~*~*~ (hiding).
  7352 | D:9      | 7352 ||| Stepping ~*~*~tactically~*~*~ (hiding).
  7353 | D:9      | 7353 ||| Stepping ~*~*~tactically~*~*~ (hiding).
  7396 | D:9      | 7396 ||| Stepping ~*~*~tactically~*~*~ (stealth).
  7469 | D:9      | 7469 ||| INVOKING Heroism.
  7654 | D:9      | Reached **** piety under Okawaru
  7658 | D:9      | 7658 ||| INVOKING Heroism.
  7818 | D:9      | 7818 ||| Stepping ~*~*~tactically~*~*~ (hiding).
  7823 | D:9      | 7823 ||| INVOKING Heroism.
  7896 | D:9      | 7896 ||| DROPPING +0 flail.
  7974 | D:9      | Noticed Maurice
  7989 | D:9      | 7989 ||| INVOKING Heroism.
  7992 | D:9      | 7992 ||| DRINKING 8 potions of curing.
  7992 | D:9      | 7992 ||| (to cure confusion)
  8000 | D:9      | 8000 ||| DRINKING 7 potions of curing.
  8000 | D:9      | 8000 ||| (to cure confusion)
  8004 | D:9      | Killed Maurice
  8005 | D:9      | Reached skill level 6 in Invocations
  8005 | D:9      | Reached XP level 11. HP: 59/69 MP: 13/15
  8329 | D:9      | 8329 ||| UPGRADING to ring of willpower.
  8331 | D:9      | 8331 ||| UPGRADING to ring of protection from cold.
  8333 | D:9      | 8333 ||| READING 4 scrolls of identify.
  8333 | D:9      | 8333 ||| IDENTIFYING yellow potion
  8334 | D:9      | 8334 ||| DROPPING potion of invisibility.
  8369 | D:10     | Entered Level 10 of the Dungeon
  8370 | D:10     | 8370 ||| INVOKING Heroism.
  8604 | D:10     | 8604 ||| Stepping ~*~*~tactically~*~*~ (stealth).
  8607 | D:10     | 8607 ||| Stepping ~*~*~tactically~*~*~ (stealth).
  8611 | D:10     | 8611 ||| Stepping ~*~*~tactically~*~*~ (stealth).
  8620 | D:10     | 8620 ||| INVOKING Heroism.
  8627 | D:10     | Reached ***** piety under Okawaru
  8628 | D:10     | Reached skill level 11 in Axes
  8802 | D:10     | Found an ancient bone altar of Kikubaaqudgha.
  8807 | D:10     | 8807 ||| Stepping ~*~*~tactically~*~*~ (hiding).
  8808 | D:10     | 8808 ||| Stepping ~*~*~tactically~*~*~ (hiding).
  8821 | D:10     | 8821 ||| FLEEEEING.
  8822 | D:10     | 8822 ||| FLEEEEING.
  8823 | D:10     | 8823 ||| FLEEEEING.
  8824 | D:10     | 8824 ||| FLEEEEING.
  8825 | D:10     | 8825 ||| FLEEEEING.
  8826 | D:10     | 8826 ||| FLEEEEING.
  8827 | D:10     | 8827 ||| FLEEEEING.
  8828 | D:10     | 8828 ||| FLEEEEING.
  8829 | D:10     | 8829 ||| FLEEEEING.
  8830 | D:10     | 8830 ||| FLEEEEING.
  8831 | D:10     | 8831 ||| FLEEEEING.
  8832 | D:10     | 8832 ||| FLEEEEING.
  8833 | D:10     | 8833 ||| FLEEEEING.
  8834 | D:10     | 8834 ||| FLEEEEING.
  8835 | D:10     | 8835 ||| FLEEEEING.
  8837 | D:10     | 8837 ||| FLEEEEING.
  8838 | D:10     | 8838 ||| FLEEEEING.
  8839 | D:10     | 8839 ||| FLEEEEING.
  8840 | D:10     | 8840 ||| FLEEEEING.
  8841 | D:10     | 8841 ||| FLEEEEING.
  8842 | D:10     | 8842 ||| FLEEEEING.
  8843 | D:10     | 8843 ||| FLEEEEING.
  8844 | D:10     | 8844 ||| FLEEEEING.
  8878 | D:10     | 8878 ||| Stepping ~*~*~tactically~*~*~ (hiding).
  8884 | D:10     | Received a gift from Okawaru
  8894 | D:10     | 8894 ||| Stepping ~*~*~tactically~*~*~ (stealth).
  8902 | D:10     | 8902 ||| Stepping ~*~*~tactically~*~*~ (hiding).
  8903 | D:10     | 8903 ||| Stepping ~*~*~tactically~*~*~ (hiding).
  8908 | D:10     | 8908 ||| FLEEEEING.
  8909 | D:10     | 8909 ||| FLEEEEING.
  8910 | D:10     | 8910 ||| FLEEEEING.
  8911 | D:10     | 8911 ||| STAIRDANCE
  9011 | D:10     | Found a staircase to the Lair.
  9012 | D:10     | 9012 ||| INVOKING Heroism.
  9080 | D:10     | 9080 ||| DROPPING +4 war axe.
  9099 | D:10     | 9099 ||| Stepping ~*~*~tactically~*~*~ (stealth).
  9104 | D:10     | 9104 ||| Stepping ~*~*~tactically~*~*~ (hiding).
  9105 | D:10     | 9105 ||| Stepping ~*~*~tactically~*~*~ (hiding).
  9107 | D:10     | 9107 ||| Stepping ~*~*~tactically~*~*~ (hiding).
  9108 | D:10     | 9108 ||| Stepping ~*~*~tactically~*~*~ (hiding).
  9109 | D:10     | 9109 ||| Stepping ~*~*~tactically~*~*~ (hiding).
  9248 | D:10     | 9248 ||| PLANNING LAIR
  9290 | Lair:1   | Entered Level 1 of the Lair of Beasts
  9310 | Lair:1   | 9310 ||| INVOKING Heroism.
  9312 | Lair:1   | Reached skill level 3 in Throwing
  9389 | Lair:1   | 9389 ||| INVOKING Heroism.
  9407 | Lair:1   | Received a gift from Okawaru
  9423 | Lair:1   | Reached skill level 9 in Fighting
  9430 | Lair:1   | Reached skill level 9 in Invocations
  9432 | Lair:1   | HP: 12/71 [komodo dragon (11)]
  9433 | Lair:1   | 9433 ||| READING 2 scrolls of teleportation.
  9434 | Lair:1   | 9434 ||| DRINKING 3 potions of heal wounds.
  9435 | Lair:1   | 9435 ||| INVOKING Heroism.
  9456 | Lair:1   | 9456 ||| Stepping ~*~*~tactically~*~*~ (stealth).
  9487 | Lair:1   | 9487 ||| INVOKING Heroism.
  9497 | Lair:1   | 9497 ||| Stepping ~*~*~tactically~*~*~ (stealth).
  9849 | Lair:1   | 9849 ||| Stepping ~*~*~tactically~*~*~ (hiding).
  9861 | Lair:1   | Reached XP level 12. HP: 76/76 MP: 19/19
  9958 | Lair:1   | 9958 ||| INVOKING Heroism.
 10046 | Lair:1   | 10046 ||| READING scroll of enchant armour.
 10046 | Lair:1   | 10046 ||| ENCHANTING +1 helmet.
 10331 | Lair:2   | Found a gate leading to a gauntlet.
 10332 | Lair:2   | 10332 ||| PLANNING GAUNTLET
 10335 | Gauntlet | Entered a Gauntlet
 10335 | Gauntlet | Found a transporter.
 10335 | Gauntlet | Found a transporter.
 10335 | Gauntlet | Found a transporter.
 10351 | Gauntlet | Found a transporter.
 10355 | Gauntlet | Found a transporter.
 10365 | Gauntlet | Found a transporter.
 10369 | Gauntlet | Found a transporter.
 10371 | Gauntlet | Found a large runed translucent door.
 10372 | Gauntlet | Found a large runed translucent door.
 10373 | Gauntlet | Found a large runed translucent door.
 10373 | Gauntlet | Found a large runed translucent door.
 10373 | Gauntlet | Found a runed translucent door.
 10373 | Gauntlet | Found a runed translucent door.
 10374 | Gauntlet | Found a large runed translucent door.
 10375 | Gauntlet | Found a large runed translucent door.
 10376 | Gauntlet | Found a large runed translucent door.
 10376 | Gauntlet | Found a large runed translucent door.
 10377 | Gauntlet | Found a runed translucent gate.
 10377 | Gauntlet | Found a runed translucent gate.
 10377 | Gauntlet | Found a runed translucent gate.
 10379 | Gauntlet | Found a transporter.
 10388 | Gauntlet | Found a large runed translucent door.
 10388 | Gauntlet | Found a large runed translucent door.
 10389 | Gauntlet | Found a large runed translucent door.
 10390 | Gauntlet | Found a large runed translucent door.
 10400 | Gauntlet | Found a transporter.
 10406 | Gauntlet | Noticed an entropy weaver
 10419 | Gauntlet | Found a transporter.
 10421 | Gauntlet | Found a transporter.
 10431 | Gauntlet | Found a transporter.
 10485 | Gauntlet | Found a large runed translucent door.
 10486 | Gauntlet | Found a large runed translucent door.
 10487 | Gauntlet | Found a large runed translucent door.
 10487 | Gauntlet | Found a large runed translucent door.
 10567 | Gauntlet | 10567 ||| DRINKING 2 coppery potions.
 10579 | Gauntlet | Received a gift from Okawaru
 10584 | Gauntlet | 10584 ||| INVOKING Heroism.
 10594 | Gauntlet | HP: 11/76 [sixfirhy (10)]
 10595 | Gauntlet | 10595 ||| DRINKING 2 potions of heal wounds.
 10606 | Gauntlet | HP: 17/76 [sixfirhy (3)]
 10607 | Gauntlet | 10607 ||| DRINKING potion of heal wounds.
 10614 | Gauntlet | HP: 18/76 [sixfirhy (3)]
 10617 | Gauntlet | Received a gift from Okawaru
 10618 | Gauntlet | Reached skill level 12 in Axes
 10804 | Gauntlet | Identified the amulet of Plog {Spirit rPois rF+}
 10829 | Gauntlet | 10829 ||| INVOKING Heroism.
 10835 | Gauntlet | HP: 15/76 [fire crab (5)]
 10840 | Gauntlet | Reached skill level 9 in Armour
 11049 | Gauntlet | Identified the +5 broad axe "Itseas" {antimagic, Fly rPois
                  | Will-}
 11051 | Gauntlet | 11051 ||| SWAPPING to +5 broad axe "Itseas" {antimagic, Fly
                  | rPois Will-}.
 11052 | Gauntlet | 11052 ||| DROPPING +2 war axe of electrocution.
 11056 | Gauntlet | Identified the ring of Qaydghita {rPois rC+ Will+ rCorr}
 11058 | Gauntlet | 11058 ||| UPGRADING to ring of Qaydghita {rPois rC+ Will+
                  | rCorr}.
 11060 | Gauntlet | 11060 ||| UPGRADING to scarf of repulsion.
 11070 | Gauntlet | 11070 ||| UPGRADING to ring of willpower.
 11072 | Gauntlet | 11072 ||| DRINKING 2 silvery potions.
 11177 | Gauntlet | 11177 ||| DROPPING potion of berserk rage.
 11180 | Gauntlet | Noticed a minotaur
 11181 | Gauntlet | 11181 ||| Stepping ~*~*~tactically~*~*~ (hiding).
 11183 | Gauntlet | 11183 ||| INVOKING Heroism.
 11194 | Gauntlet | HP: 10/76 [minotaur/+2 great mace of draining (14)]
 11195 | Gauntlet | Killed a minotaur
 11437 | Gauntlet | 11437 ||| DROPPING +0 flail of distortion.
 11466 | Gauntlet | 11466 ||| DROPPING +6 ring of intelligence.
 11467 | Gauntlet | 11467 ||| DROPPING ring of ice.
 11481 | Lair:2   | 11481 ||| PLANNING LAIR
 11510 | Lair:2   | 11510 ||| INVOKING Heroism.
 11515 | Lair:2   | Received a gift from Okawaru
 11527 | Lair:2   | Reached skill level 6 in Shields
 11712 | Lair:2   | Found a staircase to the Swamp.
 11817 | Lair:2   | 11817 ||| Stepping ~*~*~tactically~*~*~ (stealth).
 11950 | Lair:2   | Found a staircase to the Snake Pit.
 11999 | Lair:2   | Identified the +0 battleaxe of Pecoar {flame, rF+ rCorr
                  | Str-2 Int+4} (Okawaru gifted it to you on level 2 of the
                  | Lair of Beasts)
 11999 | Lair:2   | Received a gift from Okawaru
 12056 | Lair:3   | 12056 ||| INVOKING Heroism.
 12073 | Lair:3   | Reached XP level 13. HP: 82/82 MP: 5/20
 12075 | Lair:3   | 12075 ||| INVOKING Heroism.
 12146 | Lair:3   | Reached skill level 13 in Axes
 12210 | Lair:3   | 12210 ||| INVOKING Heroism.
 12466 | Lair:3   | 12466 ||| Stepping ~*~*~tactically~*~*~ (stealth).
 12476 | Lair:3   | Identified the +0 chain mail of Mirth {Str+7 Slay-6 SInv}
                  | (Okawaru gifted it to you on level 3 of the Lair of Beasts)
 12476 | Lair:3   | Received a gift from Okawaru
 12722 | Lair:3   | 12722 ||| INVOKING Heroism.
 12849 | Lair:3   | 12849 ||| INVOKING Heroism.
 13370 | Lair:3   | 13370 ||| DROPPING +0 chain mail of Mirth {Str+7 Slay-6
                  | SInv}.
 13371 | Lair:3   | 13371 ||| DROPPING amulet of faith.
 13372 | Lair:3   | 13372 ||| DROPPING ring of flight.
 13373 | Lair:3   | 13373 ||| READING 2 scrolls labelled UTWORI NANI.
 13424 | Lair:3   | 13424 ||| DROPPING scroll of torment.
 13468 | Lair:4   | 13468 ||| INVOKING Heroism.
 13474 | Lair:4   | Reached skill level 14 in Axes
 13602 | Lair:4   | 13602 ||| Stepping ~*~*~tactically~*~*~ (stealth).
 13603 | Lair:4   | 13603 ||| Stepping ~*~*~tactically~*~*~ (stealth).
 13604 | Lair:4   | 13604 ||| Stepping ~*~*~tactically~*~*~ (stealth).
 13614 | Lair:4   | 13614 ||| Stepping ~*~*~tactically~*~*~ (stealth).
 13679 | Lair:4   | 13679 ||| Stepping ~*~*~tactically~*~*~ (stealth).
 13681 | Lair:4   | 13681 ||| Stepping ~*~*~tactically~*~*~ (stealth).
 13714 | Lair:4   | 13714 ||| Stepping ~*~*~tactically~*~*~ (stealth).
 13716 | Lair:4   | 13716 ||| INVOKING Heroism.
 13777 | Lair:4   | 13777 ||| Stepping ~*~*~tactically~*~*~ (stealth).
 13779 | Lair:4   | 13779 ||| Stepping ~*~*~tactically~*~*~ (stealth).
 13780 | Lair:4   | 13780 ||| INVOKING Heroism.
 13840 | Lair:4   | 13840 ||| Stepping ~*~*~tactically~*~*~ (hiding).
 13842 | Lair:4   | 13842 ||| Stepping ~*~*~tactically~*~*~ (hiding).
 14342 | Lair:4   | 14342 ||| DROPPING +1 helmet.
 14343 | Lair:4   | 14343 ||| READING scroll labelled IDUB LIAROJYT.
 14358 | Lair:5   | Entered Level 5 of the Lair of Beasts
 14359 | Lair:5   | 14359 ||| INVOKING Heroism.
 14361 | Lair:5   | Noticed Nessos
 14364 | Lair:5   | 14364 ||| SWAPPING to +2 flail of protection.
 14369 | Lair:5   | 14369 ||| INVOKING Finesse.
 14374 | Lair:5   | 14374 ||| SWAPPING to +5 broad axe "Itseas" {antimagic, Fly
                  | rPois Will-}.
 14376 | Lair:5   | 14376 ||| STAIRDANCE
 14382 | Lair:4   | HP: 21/84 [black mamba (9)]
 14383 | Lair:4   | 14383 ||| READING 4 scrolls of teleportation.
 14384 | Lair:4   | 14384 ||| DRINKING potion of heal wounds.
 14585 | Lair:5   | 14585 ||| INVOKING Heroism.
 14589 | Lair:5   | 14589 ||| Stepping ~*~*~tactically~*~*~ (hiding).
 14609 | Lair:5   | 14609 ||| INVOKING Heroism.
 14613 | Lair:5   | HP: 19/84 [Nessos/arrow (14)]
 14614 | Lair:5   | 14614 ||| READING 3 scrolls of teleportation.
 14616 | Lair:5   | Killed Nessos
 14617 | Lair:5   | Reached skill level 6 in Throwing
 14621 | Lair:5   | 14621 ||| READING 2 scrolls of teleportation.
 14631 | Lair:5   | HP: 19/84 [cane toad (4)]
 14632 | Lair:5   | 14632 ||| READING scroll of teleportation.
 14647 | Lair:5   | Gained mutation: Your large and strong wings let you fly.
                  | [Gargoyle growth]
 14647 | Lair:5   | Reached XP level 14. HP: 25/90 MP: 7/21
 14652 | Lair:5   | HP: 14/90 [skyshark (13)]
 15223 | Lair:5   | Found a viscous altar of Jiyva.
 15224 | Lair:5   | Found a staircase to the Slime Pits.
 15331 | Lair:5   | Received a gift from Okawaru
 15423 | Lair:5   | 15423 ||| INVOKING Heroism.
 15424 | Lair:5   | 15424 ||| Stepping ~*~*~tactically~*~*~ (stealth).
 15428 | Lair:5   | 15428 ||| Stepping ~*~*~tactically~*~*~ (stealth).
 15432 | Lair:5   | 15432 ||| Stepping ~*~*~tactically~*~*~ (stealth).
 15433 | Lair:5   | 15433 ||| Stepping ~*~*~tactically~*~*~ (hiding).
 15447 | Lair:5   | 15447 ||| INVOKING Finesse.
 15451 | Lair:5   | Received a gift from Okawaru
 15452 | Lair:5   | Reached skill level 15 in Axes
 15611 | Lair:5   | 15611 ||| Stepping ~*~*~tactically~*~*~ (stealth).
 15613 | Lair:5   | 15613 ||| Stepping ~*~*~tactically~*~*~ (stealth).
 15615 | Lair:5   | 15615 ||| INVOKING Heroism.
 15617 | Lair:5   | 15617 ||| Stepping ~*~*~tactically~*~*~ (stealth).
 15630 | Lair:5   | 15630 ||| Stepping ~*~*~tactically~*~*~ (stealth).
 15680 | Lair:5   | 15680 ||| Stepping ~*~*~tactically~*~*~ (stealth).
 15696 | Lair:5   | 15696 ||| INVOKING Heroism.
 15762 | Lair:5   | 15762 ||| INVOKING Heroism.
 15885 | Lair:5   | 15885 ||| INVOKING Heroism.
 15957 | Lair:5   | 15957 ||| INVOKING Heroism.
 16060 | Lair:5   | Identified the +1 glaive of Cheese {flame, Str+3}
 16309 | Lair:5   | 16309 ||| PLANNING D:1-11
 16508 | D:11     | Reached skill level 12 in Fighting
 16533 | D:11     | Received a gift from Okawaru
 16588 | D:11     | Noticed Amaemon
 16601 | D:11     | 16601 ||| INVOKING Heroism.
 16609 | D:11     | Killed Amaemon
 16610 | D:11     | Found a frozen archway.
 16747 | D:11     | 16747 ||| DROPPING +2 flail of protection.
 16752 | D:11     | 16752 ||| READING scroll of enchant armour.
 16752 | D:11     | 16752 ||| ENCHANTING +0 pair of boots.
 16762 | D:11     | 16762 ||| INVOKING Heroism.
 16763 | D:11     | 16763 ||| Stepping ~*~*~tactically~*~*~ (stealth).
 16764 | D:11     | 16764 ||| Stepping ~*~*~tactically~*~*~ (stealth).
 16778 | D:11     | Noticed Grum
 16783 | D:11     | Killed Grum
 16849 | D:11     | Found a runed translucent gate.
 16849 | D:11     | Found a runed translucent gate.
 16850 | D:11     | Found a runed translucent gate.
 16856 | D:11     | Noticed Diecumy's ghost (journeyman GrFi)
 16876 | D:11     | Noticed Sonja
 16890 | D:11     | Killed Sonja
 17064 | D:11     | 17064 ||| Stepping ~*~*~tactically~*~*~ (hiding).
 17076 | D:11     | Received a gift from Okawaru
 17306 | D:11     | 17306 ||| PLANNING D
 17340 | D:12     | Identified the +10 morningstar of Muthruf {flame, rF+}
 17349 | D:12     | 17349 ||| DROPPING +0 demon whip of venom.
 17398 | D:12     | 17398 ||| Stepping ~*~*~tactically~*~*~ (hiding).
 17399 | D:12     | 17399 ||| Stepping ~*~*~tactically~*~*~ (hiding).
 17572 | D:12     | 17572 ||| FLEEEEING.
 17573 | D:12     | 17573 ||| FLEEEEING.
 17574 | D:12     | 17574 ||| FLEEEEING.
 17575 | D:12     | 17575 ||| FLEEEEING.
 17584 | D:12     | 17584 ||| INVOKING Heroism.
 17630 | D:12     | 17630 ||| FLEEEEING.
 17631 | D:12     | 17631 ||| FLEEEEING.
 17632 | D:12     | 17632 ||| FLEEEEING.
 17633 | D:12     | 17633 ||| FLEEEEING.
 17634 | D:12     | 17634 ||| FLEEEEING.
 17635 | D:12     | 17635 ||| FLEEEEING.
 17636 | D:12     | 17636 ||| FLEEEEING.
 17637 | D:12     | 17637 ||| FLEEEEING.
 17638 | D:12     | 17638 ||| FLEEEEING.
 17639 | D:12     | 17639 ||| FLEEEEING.
 17640 | D:12     | 17640 ||| FLEEEEING.
 17641 | D:12     | 17641 ||| FLEEEEING.
 17685 | D:12     | 17685 ||| Stepping ~*~*~tactically~*~*~ (hiding).
 17736 | D:12     | Found a staircase to the Orcish Mines.
 17745 | D:12     | 17745 ||| Stepping ~*~*~tactically~*~*~ (stealth).
 17746 | D:12     | 17746 ||| Stepping ~*~*~tactically~*~*~ (stealth).
 17968 | D:12     | 17968 ||| Stepping ~*~*~tactically~*~*~ (hiding).
 17970 | D:12     | 17970 ||| Stepping ~*~*~tactically~*~*~ (hiding).
 18038 | D:12     | Reached skill level 16 in Axes
 18098 | D:12     | Received a gift from Okawaru
 18107 | D:12     | 18107 ||| INVOKING Heroism.
 18108 | D:12     | 18108 ||| INVOKING Finesse.
 18138 | D:12     | 18138 ||| Stepping ~*~*~tactically~*~*~ (hiding).
 18167 | D:12     | 18167 ||| INVOKING Heroism.
 18187 | D:12     | Reached XP level 15. HP: 68/96 MP: 3/22
 18196 | D:12     | Reached skill level 3 in Dodging
 18202 | D:12     | 18202 ||| INVOKING Heroism.
 18221 | D:12     | 18221 ||| FLEEEEING.
 18708 | D:12     | Identified the +1 pair of gloves of the Harvest {-Cast rF+
                  | rC+}
 18831 | D:12     | 18831 ||| UPGRADING to +1 pair of gloves of the Harvest
                  | {-Cast rF+ rC+}.
 18867 | D:13     | Received a gift from Okawaru
 18868 | D:13     | Reached skill level 12 in Armour
 18932 | D:13     | 18932 ||| INVOKING Heroism.
 18935 | D:13     | 18935 ||| SWAPPING to +10 morningstar of Muthruf {flame,
                  | rF+}.
 18938 | D:13     | 18938 ||| SWAPPING to +5 broad axe "Itseas" {antimagic, Fly
                  | rPois Will-}.
 18996 | D:13     | 18996 ||| Stepping ~*~*~tactically~*~*~ (hiding).
 19227 | D:13     | 19227 ||| INVOKING Heroism.
 19268 | D:13     | 19268 ||| Stepping ~*~*~tactically~*~*~ (hiding).
 19278 | D:13     | 19278 ||| INVOKING Heroism.
 19379 | D:13     | 19379 ||| Stepping ~*~*~tactically~*~*~ (hiding).
 19507 | D:13     | 19507 ||| INVOKING Heroism.
 19788 | D:13     | Found a gate to the Vaults.
 19870 | D:13     | 19870 ||| INVOKING Heroism.
 20010 | D:13     | 20010 ||| Stepping ~*~*~tactically~*~*~ (hiding).
 20068 | D:13     | 20068 ||| Stepping ~*~*~tactically~*~*~ (hiding).
 20200 | D:13     | Received a gift from Okawaru
 20358 | D:13     | Identified the staff of death "Ihaeti Gacyss" {rN+ Will+
                  | rCorr Str-5}
 20466 | D:13     | Reached skill level 17 in Axes
 20600 | D:13     | 20600 ||| Stepping ~*~*~tactically~*~*~ (hiding).
 20720 | D:13     | 20720 ||| Stepping ~*~*~tactically~*~*~ (hiding).
 21022 | D:14     | 21022 ||| Stepping ~*~*~tactically~*~*~ (stealth).
 21024 | D:14     | 21024 ||| INVOKING Heroism.
 21056 | D:14     | 21056 ||| INVOKING Heroism.
 21279 | D:14     | 21279 ||| Stepping ~*~*~tactically~*~*~ (stealth).
 21285 | D:14     | 21285 ||| READING 4 scrolls of teleportation.
 21286 | D:14     | 21286 ||| INVOKING Heroism.
 21294 | D:14     | Received a gift from Okawaru
 21333 | D:14     | 21333 ||| Stepping ~*~*~tactically~*~*~ (hiding).
 21469 | D:14     | 21469 ||| INVOKING Heroism.
 21608 | D:14     | 21608 ||| Stepping ~*~*~tactically~*~*~ (hiding).
 21609 | D:14     | 21609 ||| Stepping ~*~*~tactically~*~*~ (hiding).
 21610 | D:14     | 21610 ||| Stepping ~*~*~tactically~*~*~ (hiding).
 21612 | D:14     | 21612 ||| Stepping ~*~*~tactically~*~*~ (hiding).
 21613 | D:14     | 21613 ||| Stepping ~*~*~tactically~*~*~ (hiding).
 21636 | D:14     | 21636 ||| Stepping ~*~*~tactically~*~*~ (stealth).
 21706 | D:14     | 21706 ||| Stepping ~*~*~tactically~*~*~ (stealth).
 21733 | D:14     | 21733 ||| INVOKING Heroism.
 21738 | D:14     | Reached XP level 16. HP: 66/104 MP: 5/23
 22069 | D:14     | Noticed a fenstrider witch
 22070 | D:14     | 22070 ||| INVOKING Heroism.
 22081 | D:14     | Killed a fenstrider witch
 22142 | D:14     | 22142 ||| READING scroll of enchant armour.
 22142 | D:14     | 22142 ||| ENCHANTING +1 pair of boots.
 22177 | D:14     | 22177 ||| Stepping ~*~*~tactically~*~*~ (hiding).
 22180 | D:14     | 22180 ||| Stepping ~*~*~tactically~*~*~ (hiding).
 22228 | D:14     | 22228 ||| Stepping ~*~*~tactically~*~*~ (stealth).
 22229 | D:14     | 22229 ||| Stepping ~*~*~tactically~*~*~ (stealth).
 22231 | D:14     | 22231 ||| Stepping ~*~*~tactically~*~*~ (stealth).
 22399 | D:14     | 22399 ||| READING scroll of enchant armour.
 22399 | D:14     | 22399 ||| ENCHANTING +0 plate armour.
 22513 | D:14     | 22513 ||| READING scroll labelled CIKUPN IZAWA.
 22619 | D:15     | Entered Level 15 of the Dungeon
 22656 | D:15     | 22656 ||| INVOKING Heroism.
 22803 | D:15     | 22803 ||| Stepping ~*~*~tactically~*~*~ (hiding).
 22804 | D:15     | 22804 ||| Stepping ~*~*~tactically~*~*~ (hiding).
 22813 | D:15     | Reached skill level 18 in Axes
 23030 | D:15     | Received a gift from Okawaru
 23035 | D:15     | 23035 ||| INVOKING Heroism.
 23044 | D:15     | Reached skill level 9 in Shields
 23047 | D:15     | HP: 23/104 [white ugly thing (8)]
 23048 | D:15     | 23048 ||| READING 3 scrolls of teleportation.
 23380 | D:15     | 23380 ||| FLEEEEING.
 23381 | D:15     | 23381 ||| FLEEEEING.
 23382 | D:15     | 23382 ||| FLEEEEING.
 23383 | D:15     | 23383 ||| FLEEEEING.
 23384 | D:15     | 23384 ||| FLEEEEING.
 23385 | D:15     | 23385 ||| FLEEEEING.
 23386 | D:15     | 23386 ||| FLEEEEING.
 23394 | D:15     | 23394 ||| Stepping ~*~*~tactically~*~*~ (hiding).
 23400 | D:15     | 23400 ||| INVOKING Heroism.
 23411 | D:15     | 23411 ||| INVOKING Finesse.
 23439 | D:15     | 23439 ||| INVOKING Heroism.
 23683 | D:15     | 23683 ||| Stepping ~*~*~tactically~*~*~ (stealth).
 23685 | D:15     | 23685 ||| Stepping ~*~*~tactically~*~*~ (stealth).
 23826 | D:15     | Found a staircase to the Depths.
 24010 | D:15     | 24010 ||| PLANNING ORC
 24010 | D:15     | 24010 ||| READING 22 scrolls of identify.
 24010 | D:15     | 24010 ||| IDENTIFYING black potion
 24091 | Orc:1    | Entered Level 1 of the Orcish Mines
 24214 | Orc:2    | Entered Level 2 of the Orcish Mines
 24216 | Orc:2    | 24216 ||| INVOKING Heroism.
 24218 | Orc:2    | Received a gift from Okawaru
 24415 | Orc:1    | 24415 ||| INVOKING Heroism.
 24432 | Orc:1    | Noticed Erolcha
 24465 | Orc:1    | Killed Erolcha
 24467 | Orc:1    | 24467 ||| INVOKING Heroism.
 24470 | Orc:1    | 24470 ||| Stepping ~*~*~tactically~*~*~ (hiding).
 24471 | Orc:1    | 24471 ||| Stepping ~*~*~tactically~*~*~ (hiding).
 24472 | Orc:1    | 24472 ||| Stepping ~*~*~tactically~*~*~ (hiding).
 24473 | Orc:1    | 24473 ||| Stepping ~*~*~tactically~*~*~ (hiding).
 25119 | Orc:2    | Found a staircase to the Elven Halls.
 25140 | Orc:2    | 25140 ||| Stepping ~*~*~tactically~*~*~ (hiding).
 25271 | Orc:2    | 25271 ||| Stepping ~*~*~tactically~*~*~ (hiding).
 25343 | Orc:2    | 25343 ||| Stepping ~*~*~tactically~*~*~ (hiding).
 25348 | Orc:2    | 25348 ||| INVOKING Heroism.
 25353 | Orc:2    | Found Peuz's Antique Weapon Shop.
 25358 | Orc:2    | Received a gift from Okawaru
 25368 | Orc:2    | 25368 ||| Stepping ~*~*~tactically~*~*~ (hiding).
 25390 | Orc:2    | 25390 ||| INVOKING Heroism.
 25398 | Orc:2    | HP: 14/107 [orc knight/+2 glaive of flaming (20)]
 25399 | Orc:2    | 25399 ||| READING 2 scrolls of teleportation.
 25399 | Orc:2    | Mangled by an orc knight

Levels and vault maps discovered:
D:1:      scummos_arrival_simple_crosswalls, layout_loops_ring,
          chequers_ecumenical_altar_simple_redux,
          hangedman_abyss_or_decor_stabs, minmay_box_of_dots
D:2:      layout_loops_ring
D:3:      layout_loops_corners, okawaru_ov_weapons_minmay, lemuel_crystal_altar,
          kennysheep_potato, uniq_robin
D:4:      minmay_door_path, layout_loops_ring
D:5:      layout_gridville, nemelex_spade_bored_becter, uniq_sigmund
D:6:      layout_loops_ring, mainiacjoe_overflow_small_starburst,
          minmay_temple_entry_mist
D:7:      minmay_chambers_of_sixes, layout_gridville, bloody_makhleb,
          uniq_menkaure, uniq_crazy_yiuf_cottage, uniq_pikel
D:8:      layout_rooms, dreamdust_princess_bridge
D:9:      layout_loops_cross, enter_bailey_5, minmay_misc_feat_encased,
          uniq_maurice
D:10:     layout_cave_pools, mainiacjoe_overflow_alcove_4,
          grunt_lair_entry_orc_guard_hut
D:11:     layout_roguey, gammafunk_ghost_spectres,
          portal_ice_cave_entry_ice_simulacra, uniq_amaemon, uniq_sonja,
          uniq_grum
D:12:     minmay_box_of_statues, layout_basic, david_orc_5
D:13:     minmay_spiral_squares, layout_irregular_city, erik_vaults_1
D:14:     layout_basic, serial_park_tiny_1, minivault_14
D:15:     hangedman_depths_entry_civil_slaughter, layout_long_grid,
          hellmonk_bongcloud_opening
Lair:1:   layout_gridlike, grunt_megastairs_3
Lair:2:   layout_cave_shapes, skrybe_swamp_entry_bodies,
          nicolae_snake_entry_warm_welcome, gauntlet_entry_generic
Lair:3:   layout_layer_cave
Lair:4:   layout_misc_corridors, kennysheep_abandoned_house
Lair:5:   evilmike_catoblepas_cave, layout_cave_pods, dpeg_slime_entry_enclosed,
          chequers_serial_rivers_micro_a, roderic_batcave, uniq_nessos
Orc:1:    layout_caves, uniq_erolcha
Orc:2:    st_orc_elflike, layout_caves, nicolae_orc_crystal_geode

Skill      XL: |  1  2  3  4  5  6  7  8  9 10 11 12 13 14 15 16 |
---------------+-------------------------------------------------+-----
Axes           | 2 3 4 5 6 8 9 10 11 12 14 16 17 18 | 18.0
Fighting       | 4 6 7 8 9 10 11 12 13 14 | 14.5
Invocations    | 1 4 6 9 10 | 10.0
Dodging        | 1 2 3 |  3.0
Armour         | 4 6 7 8 9 10 11 12 13 | 13.0
Throwing       | 1 2 3 5 6 7 |  7.0
Shields        | 4 5 6 7 8 9 |  9.0

Action                     |  1- 3 |  4- 6 |  7- 9 | 10-12 | 13-15 | 16-18 || total
---------------------------+-------+-------+-------+-------+-------+-------++-------
  Melee: War axe           |    93 |   173 |   244 |   345 |       |       ||   855
         Broad axe         |       |       |       |    64 |   972 |   354 ||  1390
         Flail             |       |       |       |       |     8 |       ||     8
         Morningstar       |       |       |       |       |     2 |       ||     2
  Throw: Boomerang         |       |       |    25 |    62 |    10 |       ||    97
         Javelin           |       |       |       |    43 |   171 |    33 ||   247
 Invoke: Heroism           |       |     1 |    11 |    19 |    32 |    10 ||    73
         Finesse           |       |       |       |       |     3 |     1 ||     4
    Use: Scroll            |     4 |    12 |     8 |     6 |     8 |     6 ||    44
         Potion            |     1 |     1 |     4 |     7 |     1 |       ||    14
   Stab: Petrified         |       |       |       |       |     1 |       ||     1
 Armour: Scale mail        |    25 |       |       |       |       |       ||    25
         Chain mail        |    20 |    93 |   133 |       |       |       ||   246
         Plate armour      |       |       |    64 |   326 |   689 |   191 ||  1270
  Dodge: Dodged            |    51 |    63 |    97 |   161 |   323 |   115 ||   810
         Repelled          |       |       |       |     3 |     6 |     2 ||    11
  Block: Buckler           |    14 |    25 |    36 |   108 |   222 |    77 ||   482

Table legend:
 A = Non-vault XP
 B = Vault XP
 C = Vault XP percentage of total XP
 D = Non-vault monster count
 E = Vault monster count
 F = Vault count percentage of total count
                 A         B        C        D         E       F
            +---------+---------+-------+---------+---------+-------
      Total |  104272 |   61672 |  37.2 |     550 |     229 |  29.4
            +---------+---------+-------+---------+---------+-------
        D:1 |      30 |       7 |  18.9 |      17 |       4 |  19.0
        D:2 |      74 |       0 |   0.0 |      19 |       0 |   0.0
        D:3 |     105 |      42 |  28.6 |      21 |      14 |  40.0
        D:4 |     279 |       3 |   1.1 |      18 |       1 |   5.3
        D:5 |     886 |     231 |  20.7 |      23 |       1 |   4.2
        D:6 |     943 |       0 |   0.0 |      21 |       0 |   0.0
        D:7 |     176 |    1265 |  87.8 |      15 |       8 |  34.8
        D:8 |    1249 |       0 |   0.0 |      25 |       0 |   0.0
        D:9 |    3621 |     469 |  11.5 |      37 |       5 |  11.9
       D:10 |    2015 |     462 |  18.7 |      22 |       5 |  18.5
       D:11 |    5525 |    2877 |  34.2 |      25 |      13 |  34.2
       D:12 |    3335 |    8782 |  72.5 |      14 |      42 |  75.0
       D:13 |    7984 |   15717 |  66.3 |      13 |      36 |  73.5
       D:14 |   19198 |       0 |   0.0 |      39 |       0 |   0.0
       D:15 |   14198 |    4325 |  23.3 |      33 |       6 |  15.4
     Lair:1 |    6631 |     374 |   5.3 |      34 |       6 |  15.0
     Lair:2 |    2539 |    1386 |  35.3 |      11 |       4 |  26.7
     Lair:3 |   13337 |       0 |   0.0 |      41 |       0 |   0.0
     Lair:4 |    5880 |    1026 |  14.9 |      17 |      16 |  48.5
     Lair:5 |    9250 |   12149 |  56.8 |      32 |      34 |  51.5
      Orc:1 |    3401 |     836 |  19.7 |      38 |       1 |   2.6
      Orc:2 |    3616 |    5074 |  58.4 |      35 |      17 |  32.7
   Gauntlet |       0 |    6647 | 100.0 |       0 |      16 | 100.0
            +---------+---------+-------+---------+---------+-------
